General information
- name: BNet
- type: Ladder team game (AT/RT)
- host: Battle.net
- saver: bummer_dude
map: Cherryville
- players: 8
- length: 18:07
- speed: Fast
- version: 1.26 W3XP
- replay type: Public
» download(110 KB)
Players
team 1 (winner)

»
li331 (
orange | 61 APM | 1104 actions | 18:07)
3 Archmage
2 Summon Water Elemental
1 Brilliance Aura
3 Firelord
2 Summon Lava Spawn
1 Soul Burn
» actions
| Assign group hotkey | 20 | |
| Basic commands | 140 | |
| Build / train | 57 | |
| ESC pressed | 1 | |
| Enter build submenu | 21 | |
| Enter hero's abilities submenu | 6 | |
| Give item / drop item | 1 | |
| Remove unit from queue | 1 | |
| Right click | 221 | |
| Select / deselect | 211 | |
| Select group hotkey | 377 | |
| Use ability | 48 | |
1104 total
» units
| Peasant | 9 | |
| Rifleman | 5 | |
| Mortar Team | 4 | |
| Siege Engine | 6 | |
24 total
» upgrades
| Lumber Harvesting | 2 | |
| Flare | 1 | |
| Long Rifles | 1 | |
| Fragmentation Shards | 1 | |
| Gunpowder | 3 | |
| Plating | 3 | |
| Flak Cannons | 1 | |
| Masonry | 2 | |
| Barrage | 1 | |
| Armor | 1 | |
16 total
» buildings
| Altar of Kings | 1 | |
| Farm | 10 | |
| Lumber Mill | 1 | |
| Scout Tower | 3 | |
| Arcane Tower | 1 | |
| Blacksmith | 1 | |
| Guard Tower | 1 | |
| Barracks | 1 | |
| Keep | 1 | |
| Castle | 1 | |
| Workshop | 2 | |
| Arcane Vault | 1 | |
| Town Hall | 1 | |
25 total
» build order
00:08 Altar of Kings
00:12 Farm
00:58 Lumber Mill
01:12 Scout Tower
01:36 Scout Tower
01:40 Arcane Tower
02:12 Scout Tower
02:31 Blacksmith
02:40 Guard Tower
02:48 Farm
03:27 Barracks
03:47 Keep
04:20 Farm
05:11 Farm
05:57 Farm
06:15 Castle
06:20 Workshop
06:37 Workshop
06:51 Arcane Vault
07:34 Farm
09:37 Farm
10:47 Farm
11:29 Farm
12:13 Farm
13:37 Town Hall
» items
Jeffo41 (
pink | 31 APM | 558 actions | 18:07)
1 Paladin
1 Divine Shield
» actions
| Assign group hotkey | 2 | |
| Build / train | 39 | |
| Enter build submenu | 23 | |
| Enter hero's abilities submenu | 1 | |
| Remove unit from queue | 3 | |
| Right click | 285 | |
| Select / deselect | 173 | |
| Select group hotkey | 3 | |
| Use ability | 29 | |
558 total
» units
» upgrades
| Swords | 3 | |
| Plating | 3 | |
| Animal War Training | 1 | |
7 total
» buildings
| Farm | 16 | |
| Altar of Kings | 1 | |
| Keep | 1 | |
| Lumber Mill | 1 | |
| Blacksmith | 1 | |
| Barracks | 2 | |
| Castle | 1 | |
23 total
» build order
00:09 Farm
00:11 Altar of Kings
00:47 Farm
01:24 Farm
04:13 Farm
04:54 Farm
05:30 Keep
06:15 Farm
06:32 Lumber Mill
06:54 Blacksmith
07:26 Farm
08:33 Barracks
08:39 Barracks
08:47 Farm
09:00 Castle
09:21 Farm
09:59 Farm
10:42 Farm
11:35 Farm
12:51 Farm
13:33 Farm
15:02 Farm
16:02 Farm
JohnBrown (
yellow | 43 APM | 782 actions | 18:07)
4 Mountain King
2 Storm Bolt
2 Bash
1 Paladin
1 Holy Light
» actions
| Assign group hotkey | 13 | |
| Basic commands | 84 | |
| Build / train | 46 | |
| ESC pressed | 1 | |
| Enter build submenu | 27 | |
| Enter hero's abilities submenu | 5 | |
| Remove unit from queue | 2 | |
| Right click | 82 | |
| Select / deselect | 164 | |
| Select group hotkey | 329 | |
| Use ability | 29 | |
782 total
» units
| Peasant | 8 | |
| Rifleman | 4 | |
| Mortar Team | 3 | |
| Priest | 4 | |
| Flying Machine | 3 | |
22 total
» upgrades
| Lumber Harvesting | 2 | |
| Gunpowder | 3 | |
| Priest Training | 2 | |
| Fragmentation Shards | 1 | |
| Flare | 1 | |
| Plating | 1 | |
| Flak Cannons | 1 | |
| Flying Machine Bombs | 1 | |
12 total
» buildings
| Altar of Kings | 1 | |
| Farm | 14 | |
| Lumber Mill | 1 | |
| Barracks | 1 | |
| Blacksmith | 1 | |
| Keep | 1 | |
| Arcane Vault | 1 | |
| Castle | 1 | |
| Arcane Sanctum | 1 | |
| Workshop | 2 | |
24 total
» build order
00:10 Altar of Kings
00:13 Farm
00:57 Lumber Mill
01:00 Barracks
01:11 Farm
02:08 Blacksmith
02:24 Farm
03:12 Keep
04:01 Arcane Vault
05:44 Castle
05:51 Farm
05:58 Arcane Sanctum
06:05 Workshop
06:35 Workshop
07:37 Farm
07:42 Farm
11:45 Farm
11:48 Farm
11:51 Farm
13:36 Farm
13:38 Farm
16:32 Farm
18:01 Farm
18:04 Farm

»
LordaeronsBeter (
purple | 52 APM | 950 actions | 18:07)
4 Death Knight
2 Death Coil
1 Death Pact
1 Unholy Aura
» actions
| Assign group hotkey | 199 | |
| Basic commands | 52 | |
| Build / train | 57 | |
| ESC pressed | 1 | |
| Enter build submenu | 20 | |
| Enter hero's abilities submenu | 4 | |
| Right click | 282 | |
| Select / deselect | 95 | |
| Select group hotkey | 183 | |
| Use ability | 57 | |
950 total
» units
| Acolyte | 13 | |
| Ghoul | 4 | |
| Crypt Fiend | 10 | |
| Goblin Sapper | 3 | |
| Frost Wyrm | 1 | |
31 total
» upgrades
| Creature Attack | 3 | |
| Creature Carapace | 4 | |
| Burrow | 1 | |
| Web | 1 | |
9 total
» buildings
| Ziggurat | 11 | |
| Altar of Darkness | 1 | |
| Crypt | 2 | |
| Nerubian Tower | 1 | |
| Graveyard | 1 | |
| Halls of the Dead | 1 | |
| Spirit Tower | 5 | |
| Black Citadel | 1 | |
| Sacrificial Pit | 1 | |
| Tomb of Relics | 1 | |
| Boneyard | 2 | |
| Necropolis | 1 | |
28 total
» build order
00:07 Ziggurat
00:10 Altar of Darkness
00:41 Crypt
00:59 Nerubian Tower
01:39 Ziggurat
02:13 Graveyard
03:38 Halls of the Dead
04:19 Crypt
04:46 Spirit Tower
04:54 Ziggurat
07:01 Black Citadel
07:03 Sacrificial Pit
08:19 Tomb of Relics
08:23 Spirit Tower
08:25 Ziggurat
12:42 Spirit Tower
12:49 Boneyard
12:51 Boneyard
13:12 Ziggurat
13:13 Ziggurat
13:51 Necropolis
15:32 Ziggurat
15:33 Ziggurat
15:34 Ziggurat
15:35 Ziggurat
15:36 Ziggurat
16:45 Spirit Tower
16:47 Spirit Tower
» items
| Orb of Corruption | 1 | |
| Potion of Healing | 2 | |
| Scroll of Healing | 1 | |
4 total
team 2 (loser)
1234554321 (
red | 43 APM | 755 actions | 17:28)
1 Archmage
1 Summon Water Elemental
» actions
| Assign group hotkey | 3 | |
| Basic commands | 21 | |
| Build / train | 43 | |
| Enter build submenu | 13 | |
| Enter hero's abilities submenu | 1 | |
| Right click | 411 | |
| Select / deselect | 212 | |
| Select group hotkey | 2 | |
| Use ability | 49 | |
755 total
» units
| Peasant | 13 | |
| Footman | 3 | |
| Rifleman | 8 | |
24 total
» upgrades
» buildings
| Altar of Kings | 1 | |
| Farm | 7 | |
| Barracks | 1 | |
| Blacksmith | 1 | |
| Arcane Vault | 1 | |
| Lumber Mill | 1 | |
| Keep | 3 | |
15 total
» build order
00:02 Altar of Kings
00:11 Farm
00:52 Farm
01:46 Barracks
02:14 Farm
03:04 Blacksmith
03:23 Farm
04:06 Arcane Vault
04:15 Farm
04:49 Farm
05:05 Lumber Mill
06:08 Farm
06:15 Keep
» items
| Scroll of Regeneration | 2 | |
| Lesser Clarity Potion | 3 | |
5 total
keyboardkitten (
blue | 30 APM | 292 actions | 09:42)
2 Archmage
1 Blizzard
1 Brilliance Aura
» actions
| Assign group hotkey | 9 | |
| Basic commands | 14 | |
| Build / train | 23 | |
| Enter build submenu | 16 | |
| Enter hero's abilities submenu | 2 | |
| Right click | 60 | |
| Select / deselect | 69 | |
| Select group hotkey | 76 | |
| Use ability | 23 | |
292 total
» units
» upgrades
» buildings
| Farm | 5 | |
| Lumber Mill | 1 | |
| Blacksmith | 1 | |
| Barracks | 1 | |
| Altar of Kings | 1 | |
| Scout Tower | 3 | |
| Arcane Vault | 1 | |
| Keep | 1 | |
| Arcane Tower | 1 | |
| Town Hall | 1 | |
16 total
» build order
00:16 Farm
00:23 Lumber Mill
01:06 Blacksmith
01:28 Barracks
01:45 Altar of Kings
02:02 Farm
02:40 Scout Tower
02:47 Farm
02:56 Arcane Vault
03:17 Farm
03:41 Keep
04:18 Farm
05:25 Arcane Tower
05:39 Scout Tower
06:24 Scout Tower
07:27 Town Hall
» items

»
bummer_dude (
teal | 47 APM | 859 actions | 18:07)
2 Mountain King
1 Storm Bolt
1 Bash
» actions
| Assign group hotkey | 15 | |
| Basic commands | 112 | |
| Build / train | 37 | |
| ESC pressed | 12 | |
| Enter build submenu | 18 | |
| Enter hero's abilities submenu | 2 | |
| Right click | 184 | |
| Select / deselect | 290 | |
| Select group hotkey | 142 | |
| Use ability | 46 | |
859 total
» units
» upgrades
» buildings
| Altar of Kings | 1 | |
| Barracks | 1 | |
| Farm | 9 | |
| Scout Tower | 2 | |
| Arcane Tower | 2 | |
| Lumber Mill | 1 | |
| Keep | 2 | |
| Arcane Vault | 1 | |
| Guard Tower | 1 | |
| Blacksmith | 1 | |
21 total
» build order
00:04 Altar of Kings
00:08 Barracks
00:59 Farm
02:00 Scout Tower
02:36 Arcane Tower
03:41 Farm
03:43 Farm
04:11 Lumber Mill
07:12 Keep
09:10 Scout Tower
09:19 Arcane Vault
09:44 Guard Tower
09:46 Arcane Tower
10:24 Keep
10:27 Farm
10:28 Farm
11:54 Farm
12:10 Blacksmith
12:21 Farm
12:24 Farm
12:33 Farm
» items
| Potion of Healing | 2 | |
| Scroll of Town Portal | 3 | |
5 total
Human_Alliance (
green | 36 APM | 658 actions | 18:07)
4 Archmage
2 Summon Water Elemental
1 Blizzard
1 Brilliance Aura
» actions
| Build / train | 62 | |
| Enter build submenu | 20 | |
| Enter hero's abilities submenu | 4 | |
| Right click | 386 | |
| Select / deselect | 144 | |
| Use ability | 42 | |
658 total
» units
» upgrades
| Masonry | 1 | |
| Swords | 2 | |
| Armor | 2 | |
| Storm Hammers | 1 | |
6 total
» buildings
| Altar of Kings | 1 | |
| Farm | 10 | |
| Arcane Vault | 1 | |
| Lumber Mill | 1 | |
| Blacksmith | 1 | |
| Scout Tower | 6 | |
| Barracks | 1 | |
| Keep | 1 | |
| Guard Tower | 6 | |
| Castle | 1 | |
| Gryphon Aviary | 3 | |
| Arcane Tower | 2 | |
| Town Hall | 1 | |
35 total
» build order
00:04 Altar of Kings
00:08 Farm
00:10 Farm
00:43 Arcane Vault
00:52 Lumber Mill
01:45 Farm
01:48 Farm
01:49 Farm
02:11 Blacksmith
03:57 Scout Tower
03:59 Scout Tower
04:01 Scout Tower
04:06 Barracks
04:11 Farm
04:12 Farm
04:13 Farm
04:14 Farm
04:15 Farm
04:20 Keep
06:01 Guard Tower
06:48 Guard Tower
06:50 Castle
06:53 Guard Tower
07:02 Gryphon Aviary
07:05 Gryphon Aviary
08:44 Gryphon Aviary
08:48 Scout Tower
08:49 Scout Tower
08:52 Scout Tower
09:12 Guard Tower
09:17 Arcane Tower
10:40 Arcane Tower
11:36 Guard Tower
11:37 Guard Tower
12:38 Town Hall
» items
| Scroll of Regeneration | 1 | |
| Lesser Clarity Potion | 1 | |
| Ivory Tower | 2 | |
| Potion of Healing | 1 | |
| Potion of Mana | 1 | |
| Orb of Fire | 1 | |
7 total
Chat log
(00:17 / Allies) 1234554321: harras plz
(00:21 / Allies) Human_Alliance: k
(00:24 / All) bummer_dude: So I was continuing lost vikings 2 while waiting for the first game
(00:33 / All) LordaeronsBeter: the SC2 map?
(00:39 / All) bummer_dude: I'm once again reminded how bad I am at puzzle games
(00:39 / All) bummer_dude: no
(00:52 / All) LordaeronsBeter: yes playing portal with you was painful ><
(00:56 / All) bummer_dude: yea :P
(01:19 / All) LordaeronsBeter: "stand where im fucking pinging stop running around like a retard"
(01:24 / All) LordaeronsBeter: pretty sure i said that a lot
(01:25 / All) bummer_dude: yeah
(01:33 / All) bummer_dude: multiple times per session no doubt
(01:56 / All) bummer_dude: In my defense, it'd be even worse if I was american.
(02:04 / All) LordaeronsBeter: lol canadian
(02:07 / All) keyboardkitten: intresting from a greek
(02:23 / Allies) Human_Alliance: on it
(03:03 / All) LordaeronsBeter: oh boy
(03:07 / All) LordaeronsBeter: idiot ally with no tower
(03:08 / All) LordaeronsBeter: fun
(03:13 / All) bummer_dude: lol
(03:20 / All) keyboardkitten: gg
(03:31 / All) bummer_dude: how is that gg?
(03:39 / All) keyboardkitten: game's over
(03:49 / All) bummer_dude: uh...
(03:51 / All) JohnBrown: "it ain't over til beth ditto sings"
(03:58 / All) bummer_dude: You realize they still have 3 other players right?
(04:00 / Allies) keyboardkitten: he's done
(04:02 / Allies) keyboardkitten: game' over
(04:32 / All) JohnBrown: maybe he's saying
(04:34 / All) LordaeronsBeter: hey pies
(04:39 / All) LordaeronsBeter: wanna tk that guy for me
(04:42 / All) LordaeronsBeter: the premature "gg"er
(04:54 / All) bummer_dude: i'd like to but I supply blocked myself and now I have no units.
(04:56 / All) keyboardkitten: game's over and you know it plz leave
(05:06 / All) JohnBrown: lol
(05:12 / All) JohnBrown: we haven't even scouted your shit
(05:14 / 9) bummer_dude: ok now he's asking for it.
(05:15 / All) JohnBrown: you could have an AFKer
(05:20 / All) keyboardkitten: b/c game's over
(05:22 / All) JohnBrown: ...er. OR HAVE WE
(05:32 / All) keyboardkitten: such losers
(05:34 / 9) bummer_dude: yep
(05:37 / 9) bummer_dude: gonna go do that actually
(06:04 / 9) bummer_dude: it's perfect timing he's losing to creeps
(06:09 / All) JohnBrown: how do you know
(06:13 / All) JohnBrown: oj isn't one of those pandaren hero guys
(06:23 / All) JohnBrown: who can solo 4 people
(06:43 / Allies) keyboardkitten: the fact that you are tk'ing doesn't change the fact that the game was over with an effective harass
(06:47 / Allies) keyboardkitten: i could care less champ
(06:54 / All) bummer_dude: lol
(07:39 / Allies) Human_Alliance: stop
(07:45 / Allies) Human_Alliance: yo
(07:49 / Allies) Human_Alliance: xome on dude
(07:49 / All) 1234554321: why??
(07:51 / All) bummer_dude: So in retalliation for me killing him, blue is killing green.
(07:52 / Allies) keyboardkitten: curious you didn't tell teal to stop?
(07:58 / All) LordaeronsBeter: lol what
(07:59 / Allies) Human_Alliance: i didnt know
(08:09 / All) bummer_dude: His reasoning "You didn't tell him to stop"
(08:24 / All) keyboardkitten: game was clearly over
(08:27 / All) JohnBrown: lolol
(08:32 / All) LordaeronsBeter: lol really?
(08:33 / All) keyboardkitten: nothing worse than idiots staying when the game is a foregone conclusion
(08:34 / All) bummer_dude: Yep
(08:34 / All) LordaeronsBeter: doesnt look over to me
(08:46 / All) keyboardkitten: sure it's not b/c butt buddy there thought it would be funny
(08:51 / All) bummer_dude: Now in retalliation for blue killing green, red is killing me.
(08:54 / All) LordaeronsBeter: no because the game wasnt over
(09:00 / All) LordaeronsBeter: and we made sure it wasnt over
(09:00 / All) keyboardkitten: is really fucking annoying
(09:02 / All) LordaeronsBeter: so you were wrong
(09:08 / All) keyboardkitten: it's rare that people know nothing on this game
(09:08 / All) JohnBrown: or just talking smack
(09:17 / All) keyboardkitten: enough so that a complete rape at th eoutset can be overcome
(09:30 / All) bummer_dude: So glad bash works on allies
(09:32 / All) JohnBrown: oh yeah
(09:35 / All) JohnBrown: never seen that happen
(09:40 / All) JohnBrown: win a harass, games' over, 100% of the time
(09:51 / All) LordaeronsBeter: lol and he leaves
(09:57 / All) bummer_dude: Why wouldn't he
(10:00 / All) bummer_dude: The game was clearly over.
(10:05 / All) JohnBrown: hahahaha
(10:08 / All) LordaeronsBeter: hahaha
(10:23 / All) JohnBrown: yeah if yall aren't really BSing
(10:24 / All) JohnBrown: I'm sold
(10:29 / All) bummer_dude: Nah
(10:32 / All) bummer_dude: I'm a terrible actor
(10:35 / All) bummer_dude: So all this really hapepened.
(10:52 / All) JohnBrown: what's worse
(10:54 / Allies) Human_Alliance: guys stop fighting
(10:55 / All) JohnBrown: drama BS or troll BS
(10:58 / All) bummer_dude: So red just gave me all his money and is now trying to kill me again
(11:38 / All) bummer_dude: You just gain experience from killing your allies main and workers.
(11:42 / All) bummer_dude: should*
(12:01 / All) JohnBrown: def
(12:18 / All) JohnBrown: if you BS, it's not like you care about xp
(12:27 / All) bummer_dude: So I can level up bash
(12:29 / All) bummer_dude: To bs better.
(13:50 / All) bummer_dude: Alright
(13:51 / All) Human_Alliance: Of course i get stuck with noobs for teamates
(13:55 / All) bummer_dude: I could do one more
(14:04 / All) bummer_dude: Seeing as how we actually haven't played a real game yet
(14:12 / All) LordaeronsBeter: lol k
(14:13 / All) JohnBrown: mm exploiting random game
(14:26 / All) bummer_dude: GGs
(14:30 / All) Human_Alliance: stfu tealk
(14:35 / All) bummer_dude: lol
(14:37 / All) Human_Alliance: your a fucking retard
(14:42 / All) bummer_dude: I jsut realized we were all human
(14:42 / All) JohnBrown: *you're
(14:48 / All) Human_Alliance: no shit
(14:49 / All) bummer_dude: And greens name is human alliance
(14:52 / All) bummer_dude: looool
(14:56 / All) Human_Alliance: -_-
(15:03 / All) LordaeronsBeter: looooool
(15:09 / All) bummer_dude: This is more like war2's human alliance
(15:11 / All) LordaeronsBeter: well the one before last
(15:15 / All) bummer_dude: Only every other faction is alterac.
(15:29 / All) JohnBrown: wtf lore
(15:39 / All) bummer_dude: What of it?
(15:43 / All) bummer_dude: Bruthaaaah
(15:47 / All) JohnBrown: no one knows lore!!!!
(15:54 / Allies) 1234554321: green kill his hero at least
(16:00 / All) bummer_dude: They do If they played war2
(16:09 / All) Human_Alliance: no i never tk
(16:14 / All) Human_Alliance: stfu red
(16:24 / Allies) 1234554321: green plz kill his hero man
(16:28 / All) Human_Alliance: no stfu
(16:34 / All) Human_Alliance: red wants me to kill teal
(16:37 / All) bummer_dude: lol
(16:43 / All) Human_Alliance: what a dumbass
(17:11 / All) Human_Alliance: i was the only one with expo
(17:15 / All) bummer_dude: LOL
(17:19 / All) LordaeronsBeter: as was i
(17:25 / All) bummer_dude: You know
(17:29 / All) bummer_dude: That's not that much to gloat about
(17:30 / All) Human_Alliance: what
(17:34 / All) Human_Alliance: lol
(17:35 / All) bummer_dude: When your entire team was killing themselves
(17:38 / All) Human_Alliance: true dat
(17:42 / All) Human_Alliance: yea
(17:53 / 9) bummer_dude: ynway
(17:54 / All) bummer_dude: yeah
(17:58 / All) bummer_dude: resmurfinn
(17:59 / All) Human_Alliance: and red is still telling me to kill teal
(18:03 / All) bummer_dude: Resd not here